 Dungeon Crawl Stone Soup version 0.21-a0-578-gc6e9d75 (webtiles) character file.

170 tidbits the Sneak (level 5, 22/22 HPs)
             Began as a Felid Transmuter on Dec 18, 2017.
             Quit the game on level 6 of the Dungeon.
             The game lasted 00:12:47 (1481 turns).

tidbits the Sneak (Felid Transmuter)                Turns: 1481, Time: 00:12:48

Health: 22/22      AC:  2    Str:  7    XL:     5   Next: 25%
Magic:  9/9        EV: 18    Int: 16    God:
Gold:   350        SH:  0    Dex: 16    Spells: 2/8 levels left
                                        Lives:  0   Deaths: 1

rFire    . . .     SeeInvis +     - Unarmed
rCold    . . .     Gourm    .   (shield unavailable)
rNeg     . . .     Faith    .   (armour unavailable)
rPois    .         Spirit   .   (helmet unavailable)
rElec    .         Reflect  .   (cloak unavailable)
rCorr    .         Harm     .   (gloves unavailable)
MR       .....                  (boots unavailable)
Stlth    ++++......             (no amulet)
HPRegen  0.07/turn              (no ring)
MPRegen  0.11/turn              (no ring)

@: quick
A: very small, no armour, no weapons or thrown items, stealth, claws 1, fangs 3,
see invisible, carnivore, speed 1, shaggy fur 2, slow metabolism 1, sharp paws
a: no special abilities


You were on level 6 of the Dungeon.
You were not hungry.

You visited 1 branch of the dungeon, and saw 7 of its levels.

You collected 350 gold pieces.

Inventory:

Missiles
 a - 32 arrows
 d - 72 stones
Wands
 e - a wand of enslavement (13)
Scrolls
 j - a scroll of fear
 r - 2 scrolls of remove curse
Potions
 f - a potion of brilliance {unknown}
 k - a potion of curing
 m - 2 potions of berserk rage {unknown}
Books
 b - a book of Changes

   Spells                             Type                      Level
   a - Beastly Appendage              Transmutation                1
   b - Sticks to Snakes               Transmutation                2
   c - Spider Form                    Transmutation/Poison         3
   d - Ice Form                       Ice/Transmutation            4
   e - Blade Hands                    Transmutation                5
Comestibles
 c - 5 rations


   Skills:
 - Level 1.2 Fighting
 - Level 2.9 Dodging
 + Level 6.9 Stealth
 + Level 4.7 Unarmed Combat
 - Level 2.1 Spellcasting
 - Level 2.3 Transmutations


You had 2 spell levels left.
You knew the following spells:

 Your Spells              Type           Power        Failure   Level  Hunger
e - Beastly Appendage     Tmut           #.....       8%          1    #......
k - Sticks to Snakes      Tmut           #.......     12%         2    ###....
p - Spider Form           Tmut/Pois      #.........   36%         3    ###....


Dungeon Overview and Level Annotations

Branches:
Dungeon (7/15)
 Temple: D:4-7

Altars:
Ashenzari
Ru
Yredelemnul

Shops:
D:4 (


Innate Abilities, Weirdness & Mutations

You cannot wear armour.
You are incapable of wielding weapons or throwing items.
Your paws allow you to move quietly. (Stealth)
You have sharp claws.
You have razor-sharp teeth.
You have supernaturally acute eyesight. (SInv)
You are carnivorous and can eat meat at any time.
You cover ground quickly.
You are covered in thick fur. (AC +2)
You have a slow metabolism.
Your sharp claws are effective at attacking unaware monsters.


Message History

Found 10 gold pieces.
There is an open door here.
Your transformation is almost over.
You pounce on the unaware helpless orc!
You eviscerate the orc!!!
You kill the orc!
Things that are here:
a club; an orc corpse You see here 10 gold pieces.
You now have 350 gold pieces (gained 10).
Your horns disappear.
There is an open door here.
As you read the scroll of magic mapping, it crumbles to dust.
You feel aware of your surroundings.
You sensed 1 altar.
There is a stone staircase leading up here.
You climb upwards.
There is a stone staircase leading down here.
As you read the scroll labeled UCUIMASIUN, it crumbles to dust.
It is a scroll of identify.
j - a scroll of fear
As you read the scroll labeled WEHY FUPOUH, it crumbles to dust.
It is a scroll of amnesia.
Forget which spell ([?*] list [ESC] exit)?
Forget which spell ([?*] list [ESC] exit)?
Okay, then.
As you read the scroll labeled QIZECA RENGEGG, it crumbles to dust.
You hear a loud clanging noise!
It was a scroll of noise.
You hear a shout!
As you read the scroll labeled JORGHA YPLACLIX, it crumbles to dust.
You feel strangely unstable.
It was a scroll of teleportation.
There is a stone staircase leading down here.
Your surroundings suddenly seem different.
Casting: Beastly Appendage
Confirm with . or Enter, or press ? or * to list all spells.
You grow a pair of large bovine horns.
Your transformation is almost over.
Your horns disappear.
There is a stone staircase leading up here.
There is an open door here.
Found a leather armour.
An ice beast comes into view.
Found a tapered glass wand.
You pounce on the unaware helpless ice beast!
You mangle the ice beast!!
The ice beast is almost dead.
The ice beast hits you. The ice beast freezes you.
Casting: Beastly Appendage
Confirm with . or Enter, or press ? or * to list all spells.
You miscast Spider Form.
You are very lightly contaminated with residual magic.
You feel mildly nauseous. The ice beast hits you.
* * * LOW HITPOINT WARNING * * *
The ice beast freezes you.
* * * LOW HITPOINT WARNING * * *
Casting: Spider Form
Confirm with . or Enter, or press ? or * to list all spells.
You turn into a venomous arachnid creature.
The ice beast barely misses you.
You barely miss the ice beast.
The ice beast is almost dead.
The ice beast closely misses you.
You hit the ice beast but do no damage.
The ice beast is poisoned.
The ice beast is almost dead.
The ice beast barely misses you.
You hit the ice beast but do no damage.
The ice beast is almost dead.
You kill the ice beast!
You have reached level 6!
Your experience leads to an increase in your attributes!
Your base attributes are Str 7, Int 15, Dex 16.
Increase (S)trength, (I)ntelligence, or (D)exterity?
You feel clever.
Your fur grows into a thick mane.
A bullfrog comes into view.
Your transformation is almost over.
You see here a wand of enslavement (13).
e - a wand of enslavement (13)
The helpless bullfrog fails to defend itself.
You hit the bullfrog.
The bullfrog is poisoned.
The bullfrog is moderately wounded.
The bullfrog misses you. The bullfrog barely misses you.
You hit the bullfrog.
The bullfrog looks as sick as possible!
The bullfrog is moderately wounded.
Your transformation has ended.
The bullfrog closely misses you.
Casting: Spider Form
Confirm with . or Enter, or press ? or * to list all spells.
You create a snake!
You now have 32 arrows.
The bullfrog hits you.
* * * LOW HITPOINT WARNING * * *
The bullfrog closely misses you.
You scratch the bullfrog. Your claw misses the bullfrog. You bite the bullfrog.
The bullfrog is almost dead.
Your ball python closely misses the bullfrog.
Your ball python barely misses the bullfrog.
The bullfrog hits you!
You die...
You are now level 5!
You rejoin the land of the living...
Are you sure you want to abandon this character and quit the game? (Confirm with "yes".)

,* #.# *,*,,,,,* *, ** #.#####
*,*,**********,
#.#...####**,*,,,,,,,,,,,,
########.........,,,,,,,,,,,,,***
.................,,,*##******,*
##########...####**,..,,,,,,*,*
*#########.#******,*,*
******######.....####***,*,*
*,,,,,.......@.......,,,,*,*
*,****######.########*****,* *,*
#.* *,* *,* #.* *,* *,* #.* *,*
*>* #.* *,* *,* #.* *,* *,* #.*
*,* *,* *,*************,*


There were no monsters in sight!

Vanquished Creatures
  An ice beast (D:6)
  A scorpion (D:4)
  A bullfrog skeleton (D:4)
  A worker ant (D:4)
  4 adders
  A worm (D:1)
  A dart slug (D:2)
  3 orcs
  A ball python (D:6)
  6 bats
  3 giant cockroaches
  4 goblins
  A hobgoblin (D:1)
  3 kobolds
  2 quokkas
  A frilled lizard (D:1)
  A jackal skeleton (D:3)
  3 rats (D:2)
  A fungus (D:1)
39 creatures vanquished.

Vanquished Creatures (collateral kills)
  A howler monkey (D:4)
  A hound (D:5)
  A worker ant (D:4)
  A goblin (D:3)
  2 hobgoblins
  A ball python (D:3)
  A frilled lizard (D:3)
  A rat (D:1)
9 creatures vanquished.

Grand Total: 48 creatures vanquished

Notes
Turn   | Place    | Note
-------+----------+-------------------------------------------
     0 | D:1      | tidbits the Felid Transmuter began the quest for the Orb.
     0 | D:1      | Reached XP level 1. HP: 9/9 MP: 4/4
   105 | D:1      | Reached XP level 2. HP: 10/12 MP: 4/6
   110 | D:1      | Learned a level 2 spell: Sticks to Snakes
   152 | D:1      | Reached skill level 1 in Stealth
   335 | D:2      | Reached skill level 2 in Stealth
   467 | D:2      | Found a shattered altar of Ashenzari.
   522 | D:4      | Found Aniovvy's Weapon Emporium.
   553 | D:4      | Reached skill level 4 in Stealth
   553 | D:4      | Reached XP level 3. HP: 2/15 MP: 3/7
   679 | D:3      | Reached XP level 4. HP: 7/19 MP: 4/8
   790 | D:5      | Entered Level 5 of the Dungeon
   846 | D:4      | Reached skill level 5 in Stealth
   867 | D:4      | Found a basalt altar of Yredelemnul.
   889 | D:5      | Learned a level 3 spell: Spider Form
  1049 | D:3      | Reached XP level 5. HP: 22/22 MP: 1/9
  1145 | D:4      | Reached skill level 6 in Stealth
  1145 | D:4      | Reached skill level 4 in Unarmed Combat
  1276 | D:6      | Found a sacrificial altar of Ru.
  1453 | D:6      | Noticed an ice beast
  1463 | D:6      | Killed an ice beast
  1463 | D:6      | Gained mutation: You are covered in thick fur. (AC +2) [Felid growth]
  1463 | D:6      | Reached XP level 6. HP: 7/25 MP: 3/10
  1480 | D:6      | Slain by a bullfrog
  1481 | D:6      | Reached XP level 5. HP: -4/22 MP: 3/9
  1481 | D:6      | Quit the game

Vault maps used:
D:1:      evilmike_arrival_run_for_it, minmay_gold_behind_fungi
D:2:      evilmike_ruin_ashenzari, first_ration
D:3:      minmay_diamond_boxcup
D:4:      yredelemnul_altar_generic, serial_shops, nicolae_shop_stone
D:5:      lemuel_doored_altar, minmay_temple_entry_enclosed_plants,
          uniq_prince_ribbit1, uniq_grinder
D:6:      slow_altar_2, serial_shops, nicolae_shop_statue_plus,
          nicolae_ru_great_annihilating_truth
D:7:      nemelex_xobeh_ov_fountains_minmay, the_bakery

Skill      XL: |  1  2  3  4  5 |
---------------+----------------+-----
Stealth        | 4 5 6 |  6.9
Unarmed Combat | 4 |  4.7
Fighting       | |  1.2
Dodging        | |  2.9
Spellcasting   | |  2.1
Transmutations | |  2.3

Action                   |  1- 3 |  4- 6 || total
-------------------------+-------+-------++-------
Melee: Unarmed           |    65 |    56 ||   121
       Headbutt          |     6 |     5 ||    11
       Bite              |     6 |     6 ||    12
       Punch             |     1 |     1 ||     2
 Cast: Beastly Appendage |    20 |    12 ||    32
       Sticks to Snakes  |     4 |     8 ||    12
       Spider Form       |       |     3 ||     3
  Use: Potion            |     1 |     2 ||     3
       Scroll            |       |     8 ||     8
 Stab: Sleeping          |    10 |     9 ||    19
       Distracted        |       |     1 ||     1
       Invisible         |       |     1 ||     1
  Eat: Chunk             |       |     4 ||     4
Armor: Skin              |     1 |       ||     1
Dodge: Dodged            |    45 |    45 ||    90

Table legend:
 A = Spawn XP
 B = Non-spawn XP
 C = Spawn XP percentage of total XP
 D = Spawn monster count
 E = Non-spawn monster count
 F = Spawn count percentage of total count
 G = Total turns spent on level
                    A         B        C        D         E        F      G
               +---------+---------+-------+---------+---------+-------+---------
         Total |       0 |     472 |   0.0 |       0 |      47 |   0.0 |  1481
               +---------+---------+-------+---------+---------+-------+---------
           D:1 |       0 |      21 |   0.0 |       0 |      10 |   0.0 |   260
           D:2 |       0 |      15 |   0.0 |       0 |       9 |   0.0 |   244
           D:3 |       0 |      43 |   0.0 |       0 |      13 |   0.0 |   336
           D:4 |       0 |     205 |   0.0 |       0 |       7 |   0.0 |   369
           D:5 |       0 |      40 |   0.0 |       0 |       2 |   0.0 |    54
           D:6 |       0 |     145 |   0.0 |       0 |       5 |   0.0 |   197
           D:7 |       0 |       3 |   0.0 |       0 |       1 |   0.0 |    21
               +---------+---------+-------+---------+---------+-------+---------

Table legend:
 A = Turns spent in this place as a percentage of turns spent in the entire game.
 B = Non-inter-level travel turns spent in this place as a percentage of non-inter-level travel turns spent in the entire game.
 C = Inter-level travel turns spent in this place as a percentage of turns spent in this place.
 D = Turns resting spent in this place as a percentage of non-inter-level travel turns spent in this place.
 E = Turns spent auto-exploring this place as a percentage of non-inter-level travel turns spent in this place.
 F = Non-inter-level travel turns spent in this place divided by the number of levels of this place that you've seen.
                   A       B       C       D       E      F
               +-------+-------+-------+-------+-------+----------------------
         Total | 100.0 | 100.0 |   0.0 |   0.0 |   0.0 | 211.6
       Dungeon | 100.0 | 100.0 |   0.0 |   0.0 |   0.0 | 211.6
               +-------+-------+-------+-------+-------+----------------------

Table legend:
 A = Kills in this place as a percentage of kills in entire the game.
 B = Kills by you in this place as a percentage of kills by you in the entire game.
 C = Kills by friends in this place as a percentage of kills by friends in the entire game.
 D = Other kills in this place as a percentage of other kills in the entire game.
 E = Experience gained in this place as a percentage of experience gained in the entire game.
 F = Experience gained in this place divided by the number of levels of this place that you have seen.
                   A       B       C       D       E      F
               +-------+-------+-------+-------+-------+----------------------
         Total | 100.0 | 100.0 | 100.0 |   N/A | 100.0 |  67.4
       Dungeon | 100.0 | 100.0 | 100.0 |   N/A | 100.0 |  67.4
               +-------+-------+-------+-------+-------+----------------------

Vault maps used:
D:1:      evilmike_arrival_run_for_it, minmay_gold_behind_fungi
D:2:      evilmike_ruin_ashenzari, first_ration
D:3:      minmay_diamond_boxcup
D:4:      yredelemnul_altar_generic, serial_shops, nicolae_shop_stone
D:5:      lemuel_doored_altar, minmay_temple_entry_enclosed_plants,
          uniq_prince_ribbit1, uniq_grinder
D:6:      slow_altar_2, serial_shops, nicolae_shop_statue_plus,
          nicolae_ru_great_annihilating_truth
D:7:      nemelex_xobeh_ov_fountains_minmay, the_bakery
